Cogmind - Beta 16 @@@ ROGUE MODE // 2025.10.22 @ 20:17:08 Player: thrax Result: Destroyed by G-34 Mercenary with Small Laser Performance ------------- Evolutions (0) 0 Regions Visited (2) 400 Robots Destroyed (15) 75 Value Destroyed (362) 362 Prototype IDs (0) 0 Alien Tech Used (0) 0 Bonus (0) 0 TOTAL SCORE: 837 Bonus ------- None Cogmind --------- Core Integrity 0/250 Matter 300/300 Energy 95/100 System Corruption 0% Temperature Cool (6) Movement Walking (120) Location -10/Mines Parts ------- > --- POWER (1) -------- (None) > --- PROPULSION (2) --- Aluminum Leg > --- UTILITY (2) ------ Small Storage Unit Signal Interpreter > --- WEAPON (2) ------- Mace Mace > --- INVENTORY (8) ---- Aluminum Leg Compact Wheel Signal Interpreter Signal Interpreter Propulsion Shielding Shield Generator Light Assault Rifle Plasma Flamer Peak State ------------ > --- POWER ------------ Light Ion Engine > --- PROPULSION ------- Aluminum Leg Aluminum Leg > --- UTILITY ---------- Small Storage Unit Signal Interpreter > --- WEAPON ----------- Mace Mace > --- INVENTORY -------- Aluminum Leg Compact Wheel Signal Interpreter Signal Interpreter Propulsion Shielding Shield Generator Light Assault Rifle Plasma Flamer [Rating: 10] Favorites ----------- Power Light Ion Engine Engine Light Ion Engine Propulsion Aluminum Leg Leg Aluminum Leg Wheel Compact Wheel Flight Unit Flight Unit Utility Small Storage Unit Storage Small Storage Unit Processor Signal Interpreter Weapon Mace Energy Gun Small Laser Ballistic Gun Assault Rifle Impact Weapon Mace Build | -11 -10 -10 ------- Run | Yrd Mat Min Slots Evolved . | . . . Power . | . . . Propulsion . | . . . Utility . | . . . Weapon . | . . . Parts Attached 17 | 6 10 1 Power 3 | 1 2 . Engine 3 | 1 2 . Core . | . . . Reactor . | . . . Propulsion 7 | 2 4 1 Treads . | . . . Leg 4 | 2 1 1 Wheel 1 | . 1 . Hover . | . . . Flight 2 | . 2 . Utility 2 | 1 1 . Device . | . . . Storage 1 | 1 . . Processor 1 | . 1 . Hackware . | . . . Protection . | . . . Artifact . | . . . Weapon 5 | 2 3 . Energy Gun 1 | 1 . . Energy Cannon . | . . . Ballistic Gun 2 | 1 1 . Ballistic Cannon . | . . . Launcher . | . . . Special Weapon . | . . . Impact Weapon 2 | . 2 . Slashing Weapon . | . . . Piercing Weapon . | . . . Special Melee Weapon . | . . . Unidentified Prototypes . | . . . Parts Lost 2 | . . 2 Power 1 | . . 1 Propulsion 1 | . . 1 Utility . | . . . Weapon . | . . . Highest Loss Streak 2 | . . 2 To Critical Strikes . | . . . Average Backups 5 | 2 5 7 Power . | . . . Propulsion 1 | 1 1 1 Utility 2 | . 1 4 Weapon 1 | . 1 2 Tool/Special . | . . . Unused Backups 6 | . 1 5 Power . | . . . Propulsion 1 | . 1 . Utility 4 | . . 4 Weapon 1 | . . 1 Tool/Special . | . . . Average Slot Usage (%) 92 | . 86 98 Engine 13 | . 14 13 Leg 26 | . 24 27 Flight 1 | . 2 . Storage 14 | . 14 14 Processor 8 | . 4 14 Energy Gun 2 | . 4 . Ballistic Gun 2 | . 4 . Impact Weapon 21 | . 16 28 Peak Build Rating 10 | 6 9 10 Average Rating 8 | 5 7 9 On Entrance 5 | . 6 9 Avg Prop Armor Cover (%) . | . . . Naked Turns . | . . . Heaviest Build 13 | 13 13 12 Greatest Support 20 | 20 20 20 Greatest Overweight (x) . | . . . Average Overweight (x) . | . . . Largest Inventory Capacity 8 | 8 8 8 Average Capacity 7 | 7 8 8 Most Carried 8 | 4 8 8 Average Carried 6 | 2 5 7 Final Capacity 8 | 8 8 8 Final Carried 8 | 4 7 8 Class Distribution -------------------- 100% | Mutant Dominant Class ---------------- Mutant | -10/Materials Mutant | -10/Mines Resources | -11 -10 -10 ----------- Run | Yrd Mat Min Matter Collected 403 | 201 192 10 Remotely . | . . . Salvage Created 591 | . 427 164 Parts 16 | . 14 2 Haulers Intercepted 1 | . 1 . Recyclers Shooed 1 | . 1 . Parts Field Recycled . | . . . Retrieved Matter . | . . . Parts Self-Destructed . | . . . Prevented . | . . . Parts Restored . | . . . Kills | -11 -10 -10 ------- Run | Yrd Mat Min Combat Hostiles Destroyed 10 | . 6 4 Melee 3 | . 1 2 Guns 2 | . 2 . Classes Destroyed 6 | . 6 . Worker 1 | . 1 . Hauler 1 | . 1 . Recycler 2 | . 2 . Watcher 1 | . 1 . Swarmer 2 | . 2 . Grunt 8 | . 4 4 Best Kill Streak 5 | . 5 2 Combat Bots Only 2 | . 2 2 Max Kills in Single Turn 1 | . 1 1 Gunslinging . | . . . Exploded . | . . . Melee 1 | . 1 1 Uniques/NPCs Destroyed . | . . . Combat | -11 -10 -10 -------- Run | Yrd Mat Min Hostile Shots Fired 83 | . 31 52 Missed 22 | . 11 11 Hits 61 | . 20 41 Projectile 61 | . 20 41 Damage Taken 708 | . 231 477 Core 250 | . 33 217 Absorbed by Shields . | . . . Core Remaining (%) 100 | 100 . . Volleys Fired 4 | . 4 . Largest 2 | . 2 . Hottest 60 | . 60 . Shots Fired 6 | . 6 . Gun 6 | . 6 . Cannon . | . . . Launcher . | . . . Special . | . . . Kinetic 4 | . 4 . Thermal 2 | . 2 . Explosive . | . . . Electromagnetic . | . . . Robot Hit Streak 3 | . 3 . Robot Miss Streak 2 | . 2 . Penetration Max . | . . . Secondary Targets . | . . . Shots Hit Robots 32 | . 19 13 Core Hits 7 | . 5 2 Critical Kills 4 | . 3 1 Critical Parts Destroyed 6 | . 4 2 Critical Strikes 10 | . 7 3 Smash 10 | . 7 3 Melee Attacks 37 | . 19 18 Impact 37 | . 19 18 Slashing . | . . . Piercing . | . . . Sneak Attacks 4 | . 4 . Combat Hostiles . | . . . Follow-up Attacks 7 | . 4 3 Damage Inflicted 976 | . 606 370 Guns 37 | . 37 . Cannons . | . . . Explosions . | . . . Melee 939 | . 569 370 Ramming . | . . . Kinetic 15 | . 15 . Thermal 22 | . 22 . Explosive . | . . . Electromagnetic . | . . . Impact 939 | . 569 370 Slashing . | . . . Piercing . | . . . Highest Corruption . | . . . Average Corruption . | . . . Corruption Purged . | . . . Corruption Blocked . | . . . Overload Shots . | . . . Overflow Damage 295 | . 199 96 Projectiles . | . . . Explosions . | . . . Melee 295 | . 199 96 Knockbacks 3 | . 2 1 Impact 3 | . 2 1 Kinetic . | . . . Secondary . | . . . Self-Inflicted Damage . | . . . Shots . | . . . Rammed . | . . . Targets Rammed . | . . . Kicked . | . . . Crushed . | . . . Highest Temperature . | . . . Average Temperature . | . . . Received Heat Transfer 345 | . 84 261 Siege Activations . | . . . Martial Activations . | . . . Shielding Activations . | . . . Robots Disrupted . | . . . Combat Hostiles . | . . . Robots Corrupted 7 | . 5 2 Combat Hostiles 5 | . 3 2 Parts Fried 5 | . 4 1 Impact Corruptions 14 | . 10 4 Robots Melted . | . . . Combat Hostiles . | . . . Parts Melted . | . . . Heat Transferred 50 | . 50 . Parts Sabotaged . | . . . Parts Stolen . | . . . Parts Stripped . | . . . Power Chain Reactions . | . . . Alert | -11 -10 -10 ------- Run | Yrd Mat Min Maximum Alert Level . | . . . Low Security (%) 100 | 100 100 100 Level 1 . | . . . Level 2 . | . . . Level 3 . | . . . Level 4 . | . . . Level 5 . | . . . High Security . | . . . Max Security . | . . . Peak Influence 77 | . 77 50 Initial 4 | . . 4 Average 16 | . 28 6 Influence Increases 282 | . 192 90 Destroy 0b10 Robot/C 200 | . 120 80 Destroy 0b10 Robot/NC 25 | . 25 . Destroy Leader 34 | . 24 10 Successful Hack 8 | . 8 . Partial Spotted 15 | . 15 . Influence Decreases 260 | . 180 80 Entered New Map 8 | . . 8 Time Decay 242 | . 180 62 Lost Part 10 | . . 10 Squads Dispatched . | . . . Investigation . | . . . Extermination . | . . . Reinforcement . | . . . Assault . | . . . Garrison . | . . . Intercept . | . . . Searches Triggered . | . . . Construction Impeded . | . . . Haulers Reinforced . | . . . Active Scanning Responses . | . . . Cargo Convoy Interrupts . | . . . Stealth | -11 -10 -10 --------- Run | Yrd Mat Min Distress Signals 1 | . 1 . Communications Jammed . | . . . Distress Signals . | . . . Times Spotted 16 | . 10 6 Peak Tracking Total 4 | . 4 4 Tactical Retreats . | . . . Traps | -11 -10 -10 ------- Run | Yrd Mat Min Traps Triggered . | . . . Indirectly . | . . . Trap Hack Attempts . | . . . Triggered . | . . . Disarmed . | . . . Reprogrammed . | . . . Reused . | . . . Traps Extracted . | . . . Installed . | . . . Triggered . | . . . Machines | -11 -10 -10 ---------- Run | Yrd Mat Min Machines Disabled . | . . . Max in Single Turn . | . . . Machines Repaired . | . . . Machines Dismantled . | . . . Machines Sabotaged . | . . . Overloaded Fab Kills . | . . . Hacking | -11 -10 -10 --------- Run | Yrd Mat Min Machines Accessed 3 | . 3 . Terminals 1 | . 1 . Fabricators . | . . . Repair Stations . | . . . Recycling Units 2 | . 2 . Scanalyzers . | . . . Garrison Access . | . . . Total Hacks 7 | . 7 . Successful 5 | . 5 . Failed 2 | . 2 . Catastrophic . | . . . Database Lockouts . | . . . Manual 4 | . 4 . Terminals 3 | . 3 . Fabricators . | . . . Repair Stations . | . . . Recycling Units 4 | . 4 . Scanalyzers . | . . . Garrison Access . | . . . Terminal Hacks 1 | . 1 . Branch Access Points 1 | . 1 . Fabricator Hacks . | . . . Repair Station Hacks . | . . . Recycling Unit Hacks 4 | . 4 . Process 1 | . 1 . Retrieve Matter 2 | . 2 . Retrieve Components 1 | . 1 . Scanalyzer . | . . . Garrison Access Hacks . | . . . Unauthorized Hacks . | . . . Terminals . | . . . Fabricators . | . . . Repair Stations . | . . . Recycling Units . | . . . Scanalyzers . | . . . Garrison Access . | . . . Data Cores Recovered . | . . . Used . | . . . Hacking Detections 2 | . 2 . Full Trace Events 1 | . 1 . Feedback Events . | . . . Feedback Blocked . | . . . Robot Schematics Acquired . | . . . Robots Built . | . . . Authchips . | . . . Time . | . . . Total Robot Build Rating . | . . . Part Schematics Acquired . | . . . Parts Built . | . . . Authchips . | . . . Time . | . . . Total Part Build Rating . | . . . Part Studies Acquired . | . . . Parts Repaired . | . . . Time . | . . . Parts Recycled . | . . . Recycled Matter 19 | . 19 . Retrieved Matter 19 | . 19 . Retrieved Components . | . . . Parts Scanalyzed . | . . . Part Schematics Acquired . | . . . Parts Damaged . | . . . Bothacking | -11 -10 -10 ------------ Run | Yrd Mat Min Used RIF Installer . | . . . Robots Hacked . | . . . Non-combat . | . . . Combat . | . . . Robot Hacks Applied . | . . . Relay Couplers Released . | . . . Fabnet Peak Effective % . | . . . Robots Rewired . | . . . Allies Hacked . | . . . Hacks Repelled . | . . . Allies | -11 -10 -10 -------- Run | Yrd Mat Min Total Allies . | . . . Largest Group . | . . . Highest-Rated Group . | . . . Highest-Rated Ally . | . . . Total Orders . | . . . Ally Attacks . | . . . Total Damage . | . . . Kills . | . . . Allies Corrupted . | . . . Allies Melted . | . . . Intel | -11 -10 -10 ------- Run | Yrd Mat Min Active Infowar (turns) . | . . . Robot Analysis Total . | . . . Derelict Logs Recovered 1 | . . 1 Drone Launches . | . . . Drone Recoveries . | . . . Exploration | -11 -10 -10 ------------- Run | Yrd Mat Min Turns Passed 1033 | 117 491 425 Spaces Moved 735 | 91 336 308 Core 7 | 7 . . Treads . | . . . Legs 668 | 84 276 308 Wheels . | . . . Hover . | . . . Flight 60 | . 60 . Fastest Speed 37 | 50 37 120 Average Speed 112 | 114 105 120 Slowest Speed 120 | 120 120 120 Overloaded Moves . | . . . Propulsion Burnouts . | . . . Robots Hopped 4 | . 4 . Potential Cave-ins . | . . . Cave-ins Triggered . | . . . Exploration Rate (%) 34 | 4 46 52 Regions Visited 2 Branch Regions 1 Pre-discovered Areas . | . . . Known Exits Taken 1 | . 1 . Unknown Exits Taken 1 | 1 . . Scrap Searched . | . . . Spaces Dug . | . . . Terrain Destroyed . | . . . Melee . | . . . Projectile . | . . . AOE . | . . . Terrain Rammed . | . . . Walls Destroyed . | . . . Machines Disabled . | . . . Actions | -11 -10 -10 --------- Run | Yrd Mat Min Total 877 | 100 439 338 Wait 64 | . 52 12 Move 726 | 90 328 308 Hop 3 | . 3 . Pick Up 15 | 4 10 1 Fast Attach 7 | 6 1 . Attach 8 | . 8 . Detach 5 | . 5 . Swap 6 | . 5 1 Drop 9 | . 8 1 Fire 4 | . 4 . Melee 30 | . 15 15 Ram . | . . . Kick . | . . . Crush . | . . . Escape Stasis . | . . . Rewire . | . . . Trap . | . . . Miscellaneous . | . . . Route ------- -11/Scrapyard -10/Materials (discovered 3 exits: *Mat / *Min x2) -10/Mines (discovered 1 exit: *Mat) History --------- Turn | Location | Event 8 | -11/Scrapyard | Discovered new exit (range 15) 118 | -11/Scrapyard | Entered Materials 323 | -10/Materials | Build established: Mutant 464 | -10/Materials | Discovered new exit (range 10) 476 | -10/Materials | Identified exit to Materials 512 | -10/Materials | Identified exit to Mines 609 | -10/Materials | Entered Mines 726 | -10/Mines | A weapon hastily lodged in a ceiling crevice suddenly fell to the ground 745 | -10/Mines | Learned Materials terminal intel 760 | -10/Mines | Discovered exit to Materials (range 9) 962 | -10/Mines | Excavation squad dispatched 962 | -10/Mines | A large section of the Mines collapsed 1008 | -10/Mines | Core integrity fell below 50% 1021 | -10/Mines | Core integrity fell below 20% 1034 | -10/Mines | Destroyed by G-34 Mercenary with Small Laser Last Messages --------------- 00760_ EXIT=FOUND: MATERIALS 00776_ T-07 Excavator is excavating. 00962_ ALERT: Suspicious cave-in, suspected derelict activity in mines. Dispatching escorted excavation squad. 00993_ G-34 Mercenary suffers critical hit (Smash). 00993_ Destroyed Ion Engine. 00993_ G-34 Mercenary system corrupted by crushing effect. 00995_ G-34 Mercenary IFF system glitched. 01003_ G-34 Mercenary misfires. 01004_ Lgt. Ion Engine destroyed. 01006_ Mace follow-up attack on G-34 Mercenary. 01007_ G-34 Mercenary misfires. 01012_ Destroyed Heat Sink. 01012_ G-34 Mercenary system corrupted by crushing effect. 01013_ G-34 Mercenary system terminally corrupted. 01014_ K-01 Serf cleans the Laser Drill. 01023_ Mace follow-up attack on G-34 Mercenary. 01023_ G-34 Mercenary destroyed. 01028_ Aluminum Leg destroyed. 01034_ G-34 Mercenary knocked back. Map ----- +----------------------------------------------------+ | ?????????## #??????# #### #????? | | ????????## ### ##??????# #??## ##????? | | ???????## ##?# ##???????# #???# ###?????? | | ???????# ##??# #????????# #???# ##???????? | | ???????# ##???# #????????# #???## ##????????? | | ???????## ##????# #????????# #????# ##?????????? | | ????????# #?????# #????????# #????# #??????????? | | ????????# #?????# #????????# ###??# ??????????? | | ????????# #?????# #???????## #???##??????????? | | ???????## #???### ######### #???????????????? | | ??????## ##### # #???????????????? | | ??????# #???????????????? | | ?????## ##???????????????? | | ????## #####????????????????? | | ??### """ #### ##????????????????????? | | ?## """ #####??#####?????????????????????? | | ?# """ ##???????????????????????????????? | | ?# #####???????????????????????????? | | ?# ## ##??????????????????????????? | | ?## #### #??????????????????????????? | | ??## #??## #??????????????????????????? | | ???# #???## ##?????????????????????????? | | ???## ##????## ####??????????????????????? | | ????#####??????### g g##?????????????????????? | | ?????????????????## #?????????????????????? | | ???????#####??????## @##?????????????????????? | | ?????### ##??????### ##%#??????????????????????? | | ????## ####?????# ##[######?????????????????? | | ???## ##????# ####??????????????? | | ???# ######### ???????? | | ???# #??# ### ???????? | | ???## #### #### #??? #???????? | | ????## #??# #????? #????????? | | ?????# ##??###### ###????# ?????????? | | ?????## ######????????# ##????? #?????????? | | ??????### #?????????????# ###?????????????????? | | ????????# #?????????????# " ##?????????????????? | | ????????# #?????????????## ###?????????????????? | | ???????## #??????????????###" #????????????????? | | ???????# #????????????????## ???????????????? | | ???????# ?????????????????## ??????????????? | | ???????# ##???????????????????# ?????????????? | | ????????#?????????????????????? ????????????? | | ???????????????????????????????# ####???????????? | | ????????????????????????????????###??????????????? | | ?????????????????????????????????????????????????? | | ?????????????????????????????????????????????????? | | ?????????????????????????????????????????????????? | | ?????????????????????????????????????????????????? | | | +----------------------------------------------------+ Best States ------------- Heat Dissipation 25 Energy Generation 10 Energy Capacity 250 Matter Stores 300 Matter Capacity 300 Sight Range 16 Terrain Scan Density 10 Evasion (%) 62 Item Schematics ----------------- None Robot Schematics ------------------ None Fabricated ------------ Nothing Repaired ---------- Nothing Studied --------- None Alien Tech Used ----------------- None Achievements -------------- DATA ERROR: Steam Global Achievement% Organ Harvest Overwhelming Challenges ------------ None Game ------ Seed NetworkedHellfireTether Manual? 0 Play Time 00:18:01 Cumulative 21.8 hours Start 2025.10.22 @ 19:50:10 End 2025.10.22 @ 20:17:08 Sessions 1 Manual Loads 0 Difficulty Rogue Special Mode None Game No. 26 Rogue 20 Adventurer 6 Explorer 0 Win Type - Total 0 Types 0/0/0/0/0/0/0/0/0/0 Lore% 14 Gallery% 21 Achievement% 14 Wizard Run 0 Options --------- Layout 0 ASCII 0 Keyboard 1 Movement Numpad Keybinds 0 Fullscreen 2 Font 36/Smallcaps Map View 76x50 Zoom Use 0% Tactical HUD 1 Map Filters NONE Filters NONE Steam 1 RUN: b60e17f3-e6e5-4748-b2a1-978c45bc4ea8